 Dungeon Crawl Stone Soup version 0.29-a0-359-g541a27f54d (webtiles) character file.

Game seed: 9415831684783195742

1 chopper the Chopper (level 1, 0/22 HPs)
             Began as an Ogre Gladiator on Apr 28, 2022.
             Slain by a quokka (2 damage)
             ... on level 1 of the Dungeon.
             The game lasted 00:00:58 (88 turns).

chopper the Chopper (Ogre Gladiator)                  Turns: 88, Time: 00:00:59

Health: 0/22       AC:  3    Str: 17    XL:     1   Next: 20%
Magic:  1/1        EV: 10    Int:  9    God:
Gold:   0          SH:  0    Dex: 10    Spells: 0/0 levels left

rFire   . . .      SeeInvis .   a - +0 war axe
rCold   . . .      Faith    .   (no shield)
rNeg    . . .      Spirit   .   b - +0 robe
rPois   .          Reflect  .   c - +0 hat
rElec   .          Harm     .   (no cloak)
rCorr   .          Rampage  .   (gloves unavailable)
Will    .....                   (boots unavailable)
Stlth   +.........              (no amulet)
HPRegen 0.07/turn               (no ring)
MPRegen 0.07/turn               (no ring)

@: no status effects
A: large, unfitting armour, tough skin 1
a: no special abilities


You were on level 1 of the Dungeon.
You visited 1 branch of the dungeon, and saw 1 of its levels.

Inventory:

Hand Weapons
 a - a +0 war axe (weapon)
Missiles
 d - 3 throwing nets (quivered)
 e - a large rock
Armour
 b - a +0 robe (worn)
 c - a +0 hat (worn)


   Skills:
 + Level 2.8 Fighting
 + Level 3.0 Axes
 + Level 2.0 Throwing
 + Level 2.7 Dodging


You couldn't memorise any spells.
You didn't know any spells.
Your spell library was empty.

Dungeon Overview and Level Annotations

Branches:
Dungeon (1/15)

Altars:


Innate Abilities, Weirdness & Mutations

You are too large for most types of armour.
You have tough skin. (AC +1)


Message History

The ball python hisses angrily.
The bat hits you but does no damage.
You closely miss the quokka. The bat hits you but does no damage.
The quokka closely misses you. x2
You hit the quokka.
The quokka is heavily wounded.
The bat hits you but does no damage. The quokka barely misses you. x2
You miss the quokka.
The quokka is heavily wounded.
The bat barely misses you. The quokka barely misses you.
You closely miss the quokka.
The quokka is heavily wounded.
You hit the goblin. The bat barely misses you.
The bat hits you but does no damage. The quokka bites you.
The goblin closely misses you. The quokka closely misses you.
You closely miss the quokka.
The quokka is heavily wounded.
You closely miss the goblin. You slash the bat!
You kill the bat!
You closely miss the ball python. The ball python closely misses you.
The quokka bites you. The goblin hits you with a +0 club.
The ball python bites you.
You barely miss the quokka.
The quokka is heavily wounded.
You barely miss the goblin.
You hit the ball python but do no damage.
The quokka bites you but does no damage.
The goblin hits you with a +0 club. The quokka barely misses you.
The ball python bites you. The goblin hits you with a +0 club.
The quokka bites you.
* * * LOW HITPOINT WARNING * * *
The goblin closely misses you.
You see here a bat corpse.
The goblin hits you with a +0 club.
* * * LOW HITPOINT WARNING * * *
The quokka bites you.
* * * LOW HITPOINT WARNING * * *
The goblin attacks as you move away! The goblin hits you but does no damage.
The quokka bites you.
You die...

..#. #......# ...##
#......# # #.#. +......#
.#)#...## #......#
..?.$...# #......#
.#?#...S###......#
####.##g##......[#
.....##r##...##..#
........@'...##.....
....###.##...##.#####
........##...##.####
........##...##....#
.......#######....#
##.#...####......#......
#.#......###.♣♣.#......
# #....#...#.♣♣.# ###.#
#....#.<.#....# ## #


You could see a quokka, a goblin and a ball python.

Vanquished Creatures
  A bat (D:1)
  A frilled lizard (D:1)
2 creatures vanquished.

Notes
Turn   | Place    | Note
-------+----------+-------------------------------------------
     0 | D:1      | chopper the Ogre Gladiator began the quest for the Orb.
     0 | D:1      | Reached XP level 1. HP: 22/22 MP: 1/1
    88 | D:1      | Slain by a quokka

Illustrated notes

Levels and vault maps discovered:
D:1:      amcnicky_arrival_double_pillar, layout_basic, minmay_misc_feat_rows,
          minmay_split_cup_small

Action                   || total
-------------------------++-------
Melee: War axe           ||    12
Armor: Robe              ||     7
Dodge: Dodged            ||    15

Table legend: (Time is in decaauts)
 A = Elapsed time spent in this place.
 B = Non-inter-level travel time spent in this place.
 C = Inter-level travel time spent in this place.
 D = Time resting spent in this place.
 E = Time spent auto-exploring this place.
 F = Levels seen in this place.
 G = Mean time per level.
                   A        B        C        D        E       F      G
               +--------+--------+--------+--------+--------+-----+--------+
         Total |     92 |     92 |      0 |      0 |      0 |   1 |   92.0 |
       Dungeon |     92 |     92 |      0 |      0 |      0 |   1 |   92.0 |
               +--------+--------+--------+--------+--------+-----+--------+

Top non-repeatable levels by time:
     D:1: 92 daAuts
